AoeStats
← SpiggyWarrior

Arena

508081359Analyzed
1v1 RM · 11d ago on Sep 20, 2026· 55m 0s· 2 players
Game mode
Random Map
Map size
Tiny (2 player)
Population
200
Speed
Normal
Resources
Standard
Victory
Conquest
Starting age
Dark Age
Ending age
Imperial Age
RankedLock teamsTeams togetherTeam positionsShared explorationLock speedFull tech treeHidden civsTurbo modeCheats
Victory
Defeat
🇺🇸 Teutons · United States
1075
+15
🇮🇹 Romans · Italy
1061
-15
SpiggyWarrior
10:08 Feudal Age
10:57 Double-Bit Axe
11:41 Horse Collar
15:00 Castle Age
13:51 Gold Mining
15:51 Bow Saw
20:53 Stone Mining
22:35 Heavy Plow
24:15 Ballistics
29:55 Imperial Age
29:10 Ballistas
29:31 Scale Mail Armor
29:42 Forging
30:19 Wheelbarrow
29:35 Town Watch
29:16 Pikeman
29:57 Squires
30:18 Heavy Scorpion
32:06 Conscription
32:45 Chain Mail Armor
33:11 Iron Casting
33:09 Halberdier
39:43 Chemistry
38:51 Siege Engineers
39:47 Chemistry
41:43 Capped Ram
42:35 Siege Ram
45:13 Man-at-Arms
46:18 Long Swordsman
46:51 Legionary
frizzyrowlock
2:09 Loom
9:46 Feudal Age
12:23 Wheelbarrow
16:39 Castle Age
14:47 Gold Mining
14:46 Double-Bit Axe
15:58 Fletching
16:06 Horse Collar
19:35 Heavy Plow
23:01 Town Watch
24:39 Bodkin Arrow
29:43 Imperial Age
28:08 Stone Mining
29:03 Hand Cart
28:49 Town Patrol
29:11 Bow Saw
31:28 Conscription
32:05 Crop Rotation
32:58 Chemistry
32:20 Ballistics
32:40 Stone Shaft Mining
33:19 Crenellations
34:34 Hoardings
34:26 Onager
38:50 Masonry
39:58 Ironclad
40:50 Siege Engineers
42:08 Elite Teutonic Knight
45:27 Elite Skirmisher
49:07 Forging
48:58 Scale Mail Armor
48:59 Padded Archer Armor
49:04 Scale Barding Armor
52:18 Pikeman
52:58 Squires
52:33 Siege Onager
52:43 Man-at-Arms
53:08 Gambesons
53:09 Arson
Connection lost

Rejoining the realm…

Still unreachable

The connection could not be restored.

Session expired

The server has moved on; the page needs a fresh start.